 Dungeon Crawl Stone Soup version 0.25-a0-41-g6cf4ce5 (webtiles) character file.

Game seed: 17169631310087206937, levelgen mode: deterministic

11790 vhaine the Brawler (level 11, -1/94 HPs)
             Began as a Troll Monk on Oct 21, 2019.
             Was a High Priest of Wu Jian.
             Slain by a two-headed ogre
             ... wielding a +0 giant spiked club
              (20 damage)
             ... on level 10 of the Dungeon.
             The game lasted 00:26:49 (9307 turns).

vhaine the Brawler (Troll Monk)                     Turns: 9307, Time: 00:26:50

Health: -1/94      AC:  9    Str: 21    XL:     11   Next: 53%
Magic:  10/10      EV: 10    Int:  9    God:    Wu Jian [*****.]
Gold:   659        SH:  3    Dex: 12    Spells: 10/10 levels left

rFire    . . .     SeeInvis .     - Unarmed
rCold    . . .     Gourm    +   (no shield)
rNeg     . . .     Faith    .   a - +0 robe
rPois    .         Spirit   .   t - +2 hat
rElec    .         Reflect  +   x - +0 cloak
rCorr    .         Harm     .   (gloves unavailable)
MR       ++...                  (boots unavailable)
Stlth    ++........             r - +3 amulet of reflection
HPRegen  0.65/turn              c - ring of protection from magic
MPRegen  0.12/turn              y - ring of protection from magic

@: no status effects
A: large, unfitting armour, claws 3, fast metabolism 3, gourmand, regeneration
1, shaggy fur 1, tough skin 3
a: Wall Jump, Serpent's Lash, Heavenly Storm, Renounce Religion


You were on level 10 of the Dungeon.
You worshipped Wu Jian.
Wu Jian was extremely pleased with you.
You were completely stuffed.

You visited 2 branches of the dungeon, and saw 11 of its levels.

You collected 659 gold pieces.

Inventory:

Armour
 a - a +0 robe (worn)
 t - a +2 hat (worn)
 x - a +0 cloak (worn)
Jewellery
 c - a ring of protection from magic (left claw)
 e - an uncursed ring of stealth
 r - a +3 amulet of reflection (around neck)
 y - a ring of protection from magic (right claw)
 A - a cursed amulet of inaccuracy {unknown}
 E - an uncursed ring of positive energy
 G - an uncursed ring of protection from cold {unknown}
Wands
 v - a wand of disintegration (4)
 B - a wand of flame (22)
 F - a wand of enslavement (10)
Scrolls
 d - 8 scrolls of teleportation
 h - 2 scrolls of enchant armour {unknown}
 i - a scroll of fear {unknown}
 j - 7 scrolls of identify
 n - 6 scrolls of remove curse {unknown}
 p - 2 scrolls of fog {unknown}
 u - 2 scrolls of amnesia {unknown}
 w - a scroll of enchant weapon {unknown}
 C - 3 scrolls of noise {unknown}
Potions
 f - 4 potions of curing
 l - a potion of ambrosia {unknown}
 o - 5 potions of degeneration
 q - a potion of flight
 s - a potion of lignification
 D - 2 potions of resistance
Comestibles
 b - 25 rations


   Skills:
 - Level 2.4 Fighting
 - Level 2.4 Dodging
 - Level 1.0 Stealth
 + Level 17.3 Unarmed Combat


You had 10 spell levels left.
You didn't know any spells.
Your spell library was empty.

Dungeon Overview and Level Annotations

Branches:
Dungeon (10/15)            Temple (1/1) D:6            Lair (0/6) D:10
    Orc: D:9-12

Altars:
Ashenzari
Cheibriados
Dithmenos
Elyvilon
Fedhas
Gozag
Hepliaklqana
Kikubaaqudgha
Makhleb
Nemelex Xobeh
Okawaru
Qazlal
Ru
Sif Muna
Trog
Uskayaw
Vehumet
Wu Jian
Xom
Yredelemnul
Zin
The Shining One

Shops:
D:6 ((:   D:9 (


Innate Abilities, Weirdness & Mutations

You are too large for most types of armour.
You have claws for hands.
Your metabolism is lightning-fast.
You like to eat raw meat.
Your natural rate of healing is unusually fast.
You are covered in fur. (AC +1)
You have extremely tough skin. (AC +3)


Message History

You spin and attack the two-headed ogre.
You scratch the two-headed ogre.
The two-headed ogre is severely wounded.
You lunge at the two-headed ogre.
You barely miss the two-headed ogre.
The two-headed ogre is heavily wounded.
The two-headed ogre hits you with a +0 giant spiked club!!
* * * LOW HITPOINT WARNING * * *
The two-headed ogre hits you with a +0 giant club.
* * * LOW HITPOINT WARNING * * *
All of the chunks of flesh in your inventory have rotted away.
You feel much better.
The two-headed ogre hits you with a +0 giant spiked club!
* * * LOW HITPOINT WARNING * * *
The two-headed ogre hits you with a +0 giant club.
* * * LOW HITPOINT WARNING * * *
You spin and attack the two-headed ogre.
You claw the two-headed ogre!
The two-headed ogre is severely wounded.
The two-headed ogre hits you with a +0 giant spiked club!!
You die...

...#<.. ..[............
..#..# ...............
##...# ...............
#....####.............P
#....#...).....<#......
#....#...............
#...#..............)
##...O...............
#...@................
#.................#..
#.#.....#........###.
##......#............
#####......#........##..
###..####...........####..
#....##...###.........##.#
###.......###............#
#.......#.##...........##


You could see a two-headed ogre (pinned).

Vanquished Creatures
  A two-headed ogre (D:9)
  A cyclops (D:9)
  Joseph (D:7)
  Psyche (D:9)
  A gargoyle (D:10)
  A kobold demonologist (D:9)
  2 hornets
  3 hippogriffs
  Sigmund (D:3)
  A spriggan (D:7)
  9 yaks
  2 humans (D:7)
  2 wyverns
  A basilisk (D:9)
  A hungry ghost (D:9)
  2 orc warriors
  2 porcupines (D:10)
  2 sky beasts
  9 ogres
  3 centaurs
  4 crocodiles (D:10)
  2 bullfrogs
  14 big kobolds
  A gnoll sergeant (D:10)
  A wyvern zombie (D:10)
  A water moccasin zombie (D:7)
  A scorpion (D:8)
  17 killer bees
  3 electric eels (D:9)
  4 howler monkeys
  6 crimson imps
  A quasit (D:10)
  A bullfrog zombie (D:5)
  2 centaur zombies
  10 orc priests
  A jelly (D:10)
  A centaur skeleton (D:9)
  6 hounds
  10 worker ants
  3 iguanas
  14 orc wizards
  Natasha (thrice) (D:2)
  A killer bee zombie (D:7)
  A hound skeleton (D:7)
  A hound zombie (D:6)
  5 gnolls (D:10)
  A howler monkey skeleton (D:8)
  14 adders
  5 shadow imps
  2 adder zombies
  2 adder skeletons
  A worm (D:3)
  3 dart slugs
  6 leopard geckos
  56 orcs
  A bat (D:1)
  7 giant cockroaches
  9 goblins
  6 hobgoblins
  10 jackals
  2 quokkas
  A ball python (D:6)
  4 frilled lizards
  A jackal skeleton (D:7)
  27 kobolds
  10 rats
328 creatures vanquished.

Vanquished Creatures (others)
  3 fungi (D:10)
  12 plants (D:10)
15 creatures vanquished.

Grand Total: 343 creatures vanquished

Notes
Turn   | Place    | Note
-------+----------+-------------------------------------------
     0 | D:1      | vhaine the Troll Monk began the quest for the Orb.
     0 | D:1      | Reached XP level 1. HP: 22/22 MP: 0/0
   148 | D:1      | Reached XP level 2. HP: 28/29 MP: 1/1
   295 | D:1      | Reached skill level 4 in Unarmed Combat
   406 | D:1      | Reached XP level 3. HP: 36/36 MP: 2/2
   695 | D:2      | Found a hide-covered altar of Uskayaw.
   695 | D:2      | Noticed Natasha
   701 | D:2      | Killed Natasha
   749 | D:2      | Reached XP level 4. HP: 44/44 MP: 3/3
   802 | D:2      | Noticed Natasha
   806 | D:2      | Killed Natasha
   806 | D:2      | Reached skill level 5 in Unarmed Combat
  1046 | D:2      | Found a white marble altar of Elyvilon.
  1144 | D:2      | Noticed Natasha
  1149 | D:2      | Killed Natasha
  1149 | D:2      | Reached XP level 5. HP: 47/50 MP: 4/4
  1386 | D:3      | Reached skill level 6 in Unarmed Combat
  1549 | D:3      | Found a shadowy altar of Dithmenos.
  1562 | D:3      | Noticed Sigmund
  1575 | D:3      | Killed Sigmund
  1575 | D:3      | Reached skill level 7 in Unarmed Combat
  1575 | D:3      | Reached XP level 6. HP: 53/59 MP: 5/5
  1834 | D:3      | Found a faded altar of an unknown god.
  2137 | D:3      | Found a glowing golden altar of the Shining One.
  2475 | D:4      | Reached skill level 8 in Unarmed Combat
  2475 | D:4      | Reached XP level 7. HP: 66/66 MP: 6/6
  2515 | D:4      | Found an opulent altar of Gozag.
  3143 | D:4      | Reached skill level 9 in Unarmed Combat
  3556 | D:5      | Entered Level 5 of the Dungeon
  3876 | D:5      | Reached XP level 8. HP: 74/74 MP: 7/7
  3941 | D:5      | Reached skill level 10 in Unarmed Combat
  4149 | D:5      | Found a sacrificial altar of Ru.
  4398 | D:6      | Found Hugaewil's Book Shop.
  4400 | D:6      | Found Hauvva's Antique Weapon Shoppe.
  4549 | D:6      | Found a staircase to the Ecumenical Temple.
  4549 | D:6      | Found Gaehywn's Antique Weapon Emporium.
  4853 | Temple   | Entered the Ecumenical Temple
  5069 | D:6      | Found an ornate altar of the Wu Jian Council.
  5069 | D:6      | Found a burning altar of Makhleb.
  5072 | D:6      | Became a worshipper of the Wu Jian Council
  5072 | D:6      | Reached * piety under Wu Jian
  5072 | D:6      | Reached ** piety under Wu Jian
  5323 | D:7      | Reached skill level 11 in Unarmed Combat
  5572 | D:7      | Noticed Joseph
  5592 | D:7      | Killed Joseph
  5592 | D:7      | Reached skill level 12 in Unarmed Combat
  5592 | D:7      | Reached XP level 9. HP: 51/80 MP: 8/8
  5682 | D:7      | Found an iron altar of Okawaru.
  5874 | D:7      | Reached skill level 13 in Unarmed Combat
  6028 | D:7      | Reached *** piety under Wu Jian
  6463 | D:8      | Noticed a lindwurm
  6987 | D:8      | Reached skill level 14 in Unarmed Combat
  7026 | D:8      | Reached XP level 10. HP: 88/88 MP: 9/9
  7425 | D:8      | Noticed a lindwurm
  7426 | D:8      | Found the cursed +13 scythe of Curses {drain, *Curse}
  7455 | D:9      | Noticed Psyche
  7518 | D:9      | Noticed a two-headed ogre
  7522 | D:9      | Killed a two-headed ogre
  7526 | D:9      | Reached **** piety under Wu Jian
  7543 | D:9      | Reached skill level 15 in Unarmed Combat
  7838 | D:9      | Reached skill level 16 in Unarmed Combat
  7981 | D:9      | Noticed a cyclops
  8005 | D:9      | Killed a cyclops
  8005 | D:9      | Reached XP level 11. HP: 62/94 MP: 10/10
  8230 | D:9      | Reached ***** piety under Wu Jian
  8256 | D:9      | Found Kuyrism's Antique Weapon Boutique.
  8326 | D:9      | Killed Psyche
  8632 | D:10     | Entered Level 10 of the Dungeon
  8903 | D:10     | Reached skill level 17 in Unarmed Combat
  9045 | D:10     | Found a staircase to the Lair.
  9184 | D:10     | Noticed a two-headed ogre
  9307 | D:10     | Slain by a two-headed ogre

Levels and vault maps discovered:
D:1:      dpeg_arrival_castle, layout_loops_ring
D:2:      layout_basic, lemuel_doored_altar, eat_drink_and_be_merry_uskayaw,
          first_ration, chequers_serial_rivers_large_b, uniq_natasha
D:3:      layout_loops_ring, tso_altar, grunt_dithmenos_smoke_and_mirrors,
          chequers_ecumenical_altar_twisty, uniq_sigmund
D:4:      cheibrodos_quashed, layout_basic, grunt_ministairs_14,
          nicolae_gozag_cash_rules_everything_around_me
D:5:      layout_loops_ring, nicolae_ru_the_path_less_chosen
D:6:      layout_basic, gammafunk_temple_overflow_elements,
          minmay_temple_entry_glass, serial_shops, shop, shop_fountains, shop
D:7:      layout_cave_pods, okawaru_humans, the_bakery, uniq_joseph
D:8:      layout_loops_corners, minmay_lindwurm_lava
D:9:      layout_rooms, special_room [special_room_kobold], serial_shops, shop,
          disabler_island, uniq_psyche
D:10:     layout_cave_pools, minmay_lair_entry_grove, serial_shops,
          nicolae_shop_temple_entry_statues_fountains
Temple:   zaba_magenta_temple

Skill      XL: |  1  2  3  4  5  6  7  8  9 10 11 |
---------------+----------------------------------+-----
Unarmed Combat | 4 5 7 8 9 12 14 16 17 | 17.3
Fighting       | |  2.4
Dodging        | |  2.4
Stealth        | |  1.0

Action                   |  1- 3 |  4- 6 |  7- 9 | 10-12 || total
-------------------------+-------+-------+-------+-------++-------
Melee: Unarmed           |    81 |    92 |   334 |   385 ||   892
       Punch             |     1 |     1 |    23 |    30 ||    55
Invok: Whirlwind         |       |       |    52 |   107 ||   159
       Lunge             |       |       |    32 |    49 ||    81
 Abil: Wall Jump         |       |       |       |     1 ||     1
Evoke: Wand              |       |       |       |    10 ||    10
  Use: Potion            |       |     1 |     9 |     6 ||    16
       Scroll            |       |       |     3 |       ||     3
 Stab: Sleeping          |     2 |     3 |     2 |     1 ||     8
  Eat: Chunk             |     4 |    23 |    43 |    26 ||    96
Armor: Robe              |    42 |    24 |    83 |    93 ||   242
Dodge: Dodged            |    65 |    22 |   113 |   115 ||   315
Block: Other             |       |       |    15 |    29 ||    44
       Reflection        |       |       |     1 |     2 ||     3

Table legend:
 A = Non-vault XP
 B = Vault XP
 C = Vault XP percentage of total XP
 D = Non-vault monster count
 E = Vault monster count
 F = Vault count percentage of total count
                 A         B        C        D         E       F
            +---------+---------+-------+---------+---------+-------
      Total |   11567 |    5276 |  31.3 |     287 |      41 |  12.5
            +---------+---------+-------+---------+---------+-------
        D:1 |      44 |       0 |   0.0 |      27 |       0 |   0.0
        D:2 |     154 |      32 |  17.2 |      21 |       1 |   4.5
        D:3 |     189 |     220 |  53.8 |      28 |       1 |   3.4
        D:4 |     553 |       6 |   1.1 |      24 |       2 |   7.7
        D:5 |     455 |       0 |   0.0 |      17 |       0 |   0.0
        D:6 |     314 |       0 |   0.0 |      15 |       0 |   0.0
        D:7 |    1566 |    1089 |  41.0 |      36 |       4 |  10.0
        D:8 |    1980 |       0 |   0.0 |      32 |       0 |   0.0
        D:9 |    4631 |    2353 |  33.7 |      48 |      22 |  31.4
       D:10 |    1681 |    1576 |  48.4 |      39 |      11 |  22.0
            +---------+---------+-------+---------+---------+-------
